 Dungeon Crawl Stone Soup version 0.29-a0-553-g81b289d (webtiles) character file.

Game seed: 15225508816826697780

123 Illumine the Ruffian (level 4, -1/44 HPs)
             Began as a Troll Cinder Acolyte on June 6, 2022.
             Was a High Priest of Ignis.
             Killed by divine providence
             ... invoked by an orc priest
              (12 damage)
             ... on level 4 of the Dungeon.
             The game lasted 00:03:22 (2015 turns).

Illumine the Ruffian (Troll Cinder Acolyte)         Turns: 2015, Time: 00:03:23

Health: -1/44      AC:  4    Str: 24    XL:     4   Next: 80%
Magic:  4/4        EV:  9    Int: 10    God:    Ignis [*****.]
Gold:   51         SH:  0    Dex:  5    Spells: 3/5 levels left

rFire   + . .      SeeInvis .     - Unarmed
rCold   . . .      Faith    .   (no shield)
rNeg    . . .      Spirit   .   b - +0 robe
rPois   .          Reflect  .   (helmet restricted)
rElec   .          Harm     .   (no cloak)
rCorr   .          Rampage  .   (gloves unavailable)
Will    .....                   (boots unavailable)
Stlth   +.........              (no amulet)
HPRegen 0.94/turn               (no ring)
MPRegen 0.09/turn               (no ring)

@: no status effects
A: large, unfitting armour, claws 3, regeneration 1, shaggy fur 1, tough skin 1
a: Renounce Religion, Fiery Armour, Foxfire Swarm, Rising Flame


You were on level 4 of the Dungeon.
You worshipped Ignis.
Ignis was extremely pleased with you.
You visited 1 branch of the dungeon, and saw 4 of its levels.

You collected 81 gold pieces.
You spent 30 gold pieces at shops.

Inventory:

Hand Weapons
 a - a -1 falchion of flaming
Missiles
 d - 142 stones (quivered)
 e - 11 boomerangs
Armour
 b - a +0 robe (worn)
Wands
 l - a wand of polymorph (6)
Scrolls
 c - 4 scrolls of identify {unknown}
 g - a scroll of blinking {unknown}
 i - a scroll of enchant armour {unknown}
 n - a scroll of fog {unknown}
Potions
 f - 4 potions of curing
 h - a potion of berserk rage {unknown}
 j - 2 potions of attraction {unknown}
 k - a potion of heal wounds {unknown}
 m - a potion of magic {unknown}
 o - a potion of lignification {unknown}


   Skills:
 - Level 2.4 Fighting
 - Level 2.4 Long Blades
 + Level 0.0 Throwing
 * Level 4.5 Unarmed Combat
 - Level 1.0 Spellcasting
 - Level 2.1 Fire Magic


You had 3 spell levels left.
You knew the following spells:

 Your Spells              Type           Power      Damage    Failure   Level
a - Scorch                Fire           8%         2d5       22%         2

Your spell library contained the following spells:

 Spells                   Type           Power      Damage    Failure   Level


Dungeon Overview and Level Annotations

Branches:
Dungeon (4/15)
 Temple: D:4-7

Altars:

Shops:
D:1 !

Annotations:
D:2 1 runed translucent door, Crazy Yiuf
D:3 Grinder


Innate Abilities, Weirdness & Mutations

You are too large for most types of armour.
You have claws for hands.
Your natural rate of healing is unusually fast.
You are covered in fur. (AC +1)
You have tough skin. (AC +1)


Message History

Confirm with . or Enter, or press ? or * to list all spells.
You miscast Scorch.
You are very lightly contaminated with residual magic.
Nothing appears to happen.
Casting: Scorch (safe; 22% risk of failure)
Confirm with . or Enter, or press ? or * to list all spells.
Flames lash the orc.
The orc is heavily wounded.
The orc's fire resistance burns away.
You claw the orc!
You kill the orc!
Things that are here:
a +0 hand axe; an orc corpse Your magical contamination has completely faded away.
You open the door.
There is an open door here.
You open the door.
There is an open door here.
You open the door.
Found a rapier.
An orc wizard, 2 orcs and 2 orc priests come into view.
Found a robe.
The orc wizard shouts!
The orc priest shouts!
The orc shouts!
The orc priest shouts!
There is an open door here.
The orc priest calls down the wrath of Beogh upon you.
Beogh smites you! The orc hits you with a +0 short sword.
You see here 8 gold pieces.
The orc closely misses you.
There is an open door here.
The orc priest invokes the aid of Beogh against you.
Beogh smites you! The orc attacks as you move away! The orc closely misses you.
The orc priest calls down the wrath of Beogh upon you.
Beogh smites you!
* * * LOW HITPOINT WARNING * * *
There is an open door here.
The orc priest calls down the wrath of Beogh upon you.
Beogh smites you!
You die...

###### #....# #....#
####### '....# #.....#
#....# #.....# #.[..#
#.....#
####.##########.....#
#.#....#...'.....#
#.#.##.#.###.@...#
#.#.##.#.# ###o########
#.#.##.#.# #.#......#
#.#<##.#.# #.#......#
####.#....#)# #.#....[.#
#....#.####.# #o#oo....#
#....#......#####.#......#
'...).............oo.....+
#.................#...)..#


You could see an orc priest and 2 orcs.

Vanquished Creatures
  Jessica (D:3)
  Robin (D:2)
  2 adders
  A worm (D:2)
  A dart slug (D:1)
  An orc (D:4)
  7 ball pythons
  5 bats
  3 endoplasms
  3 giant cockroaches
  11 goblins
  6 hobgoblins
  4 jackals (D:1)
  3 kobolds
  3 quokkas
  A frilled lizard (D:1)
  3 rats (D:1)
56 creatures vanquished.

Notes
Turn   | Place    | Note
-------+----------+-------------------------------------------
     0 | D:1      | Illumine the Troll Cinder Acolyte began the quest for the
                  | Orb.
     0 | D:1      | Reached XP level 1. HP: 22/22 MP: 1/1
    66 | D:1      | Reached skill level 1 in Unarmed Combat
   181 | D:1      | Reached XP level 2. HP: 29/29 MP: 2/2
   216 | D:1      | Reached skill level 2 in Unarmed Combat
   330 | D:1      | Found Acwiniti's Distillery.
   343 | D:1      | Bought a potion of curing for 30 gold pieces
   666 | D:2      | Reached XP level 3. HP: 36/36 MP: 3/3
   777 | D:2      | Reached skill level 3 in Unarmed Combat
   786 | D:2      | Learned a level 2 spell: Scorch
   894 | D:2      | Found a runed translucent door.
   895 | D:2      | Noticed Crazy Yiuf
  1383 | D:2      | Noticed Robin
  1403 | D:2      | Killed Robin
  1404 | D:2      | Reached XP level 4. HP: 26/44 MP: 4/4
  1616 | D:3      | Noticed Jessica
  1628 | D:3      | Killed Jessica
  1629 | D:3      | Reached skill level 4 in Unarmed Combat
  1709 | D:3      | Noticed Grinder
  2015 | D:4      | Killed from afar by an orc priest

Illustrated notes

Levels and vault maps discovered:
D:1:      co_arrival_random_square_maze, layout_rooms, serial_shops,
          nicolae_diamond_shop
D:2:      layout_basic, uniq_robin, uniq_crazy_yiuf_cottage
D:3:      layout_basic, uniq_grinder, uniq_jessica
D:4:      layout_basic

Skill      XL: |  1  2  3  4 |
---------------+-------------+-----
Unarmed Combat | 1 2 3 4 |  4.5
Fighting       | |  2.4
Long Blades    | |  2.4
Spellcasting   | |  1.0
Fire Magic     | |  2.1

Action                   |  1- 3 |  4- 6 || total
-------------------------+-------+-------++-------
Melee: Falchion          |    73 |       ||    73
       Punch             |     1 |       ||     1
       Unarmed           |    84 |    15 ||    99
 Cast: Scorch            |     3 |     9 ||    12
Armor: Robe              |   125 |     6 ||   131
Dodge: Dodged            |   131 |     5 ||   136

Table legend: (Time is in decaauts)
 A = Elapsed time spent in this place.
 B = Non-inter-level travel time spent in this place.
 C = Inter-level travel time spent in this place.
 D = Time resting spent in this place.
 E = Time spent auto-exploring this place.
 F = Levels seen in this place.
 G = Mean time per level.
                   A        B        C        D        E       F      G
               +--------+--------+--------+--------+--------+-----+--------+
         Total |   2020 |   1944 |     76 |     24 |   1451 |   4 |  505.0 |
       Dungeon |   2020 |   1944 |     76 |     24 |   1451 |   4 |  505.0 |
               +--------+--------+--------+--------+--------+-----+--------+

Top non-repeatable levels by time:
     D:2: 961 daAuts
     D:1: 604 daAuts
     D:4: 277 daAuts
     D:3: 176 daAuts
